 Dungeon Sprint DCSS version 0.31-a0-986-g5e6e4ef867 (webtiles) character file.

Game seed: 12688283045994787737

198 fozzywoppz the Fighter (level 5, -2/53 HPs)
             Began as a Minotaur Fighter on Nov 7, 2023.
             Was an Initiate of Okawaru.
             Slain by a two-headed ogre
             ... wielding a +0 dire flail
              (12 damage)
             ... in the Dungeon (Sprint IX: "|||||||||||||||||||||||||||||").
             The game lasted 00:02:11 (249 turns).

fozzywoppz the Fighter (Minotaur Fighter)            Turns: 249, Time: 00:02:11

Health: -2/53      AC: 14    Str: 20    XL:     5   Next: 47%
Magic:  4/5        EV:  9    Int:  5    God:    Okawaru [......]
Gold:   0          SH:  6    Dex: 18    Spells: 4/4 levels left

rFire   . . .        a - +0 flail
rCold   . . .        c - +0 buckler
rNeg    . . .        r - +1 chain mail
rPois   .            (helmet restricted)
rElec   .            q - +0 cloak
rCorr   .            (no gloves)
SInv    .            p - +0 pair of boots
Will    .....        (no amulet) Stlth
                     b - +3 ring of dexterity
HPRegen 0.28/turn    s - +3 ring of dexterity
MPRegen 0.09/turn

%: no teleportation
@: mighty
A: horns 2, retaliatory headbutt
a: Renounce Religion


You were in the Dungeon.
You worshipped Okawaru.
Okawaru was noncommittal.
You visited 1 branch

Inventory:

Hand Weapons
 a - a +0 flail (weapon)
 n - a +1 heavy broad axe
 o - a +2 dire flail of protection
Armour
 c - a +0 buckler (worn)
 p - a +0 pair of boots (worn)
 q - a +0 cloak (worn)
 r - a +1 chain mail (worn)
Jewellery
 b - a +3 ring of dexterity (left hand)
 s - a +3 ring of dexterity (right hand)
Wands
 m - a wand of acid (5)
Scrolls
 j - 2 scrolls of blinking
 l - 2 scrolls of amnesia
Potions
 e - a potion of invisibility
 f - 2 potions of heal wounds
 g - a potion of haste
 h - 4 potions of magic
 i - a potion of berserk rage
 k - 4 potions of curing


   Skills:
 + Level 8.3 Fighting
 + Level 7.7 Maces & Flails
 + Level 8.3 Armour
 + Level 1.7 Dodging
 - Level 5.0 Shields
 + Level 1.5 Invocations


You had 4 spell levels left.
You didn't know any spells.
Your spell library was empty.

Dungeon Overview and Level Annotations

Branches:
Dungeon (1/1)

Altars:
Cheibriados
Dithmenos
Elyvilon
Fedhas
Gozag
Hepliaklqana
Kikubaaqudgha
Makhleb
Nemelex Xobeh
Okawaru
Qazlal
Ru
Sif Muna
Trog
Uskayaw
Vehumet
Wu Jian
Xom
Yredelemnul
Zin
The Shining One
Jiyva
Lugonu


Innate Abilities, Weirdness & Mutations

You have a pair of horns on your head.
You reflexively headbutt those who attack you in melee.


Message History

Press: ? - help, Shift-Dir - straight line, f - wyvern, p - two-headed ogre
Aim: a wyvern (71% to hit)
The bolt of acid misses the two-headed ogre.
The bolt of acid misses the kobold brigand.
The bolt of acid hits the two-headed ogre!
The two-headed ogre is heavily wounded.
The bolt of acid hits the vampire but does no damage.
The bolt of acid misses the wyvern.
The two-headed ogre hits you with a +0 dire flail!
You block the two-headed ogre's attack.
Aiming: Corrosive Bolt
Press: ? - help, Shift-Dir - straight line, f/p - wyvern
Aim: a wyvern (71% to hit)
The bolt of acid hits the two-headed ogre!
The two-headed ogre is severely wounded.
The bolt of acid hits the two-headed ogre!
The two-headed ogre is severely wounded.
The bolt of acid hits the kobold brigand!
The kobold brigand is almost dead.
The bolt of acid hits the vampire.
The vampire is lightly damaged.
The bolt of acid hits the wyvern!
The wyvern is moderately wounded.
Aiming: Corrosive Bolt
Press: ? - help, Shift-Dir - straight line, f/p - wyvern
Aim: a wyvern (moderately wounded, 71% to hit)
The bolt of acid hits the two-headed ogre!
The two-headed ogre is almost dead.
The bolt of acid hits the two-headed ogre!
The two-headed ogre seems to be corroded for longer.
The two-headed ogre is almost dead.
The bolt of acid misses the kobold brigand.
The bolt of acid hits the vampire.
The vampire is moderately damaged.
The bolt of acid hits the wyvern.
The acid corrodes the wyvern!
The wyvern is moderately wounded.
The two-headed ogre hits you with a +0 dire flail!
* * * LOW HITPOINT WARNING * * *
The two-headed ogre hits you with a +0 giant club!
You die...

▓.▓
▓.▓
▓)▓
▓.▓
▓.▓
▓.▓
▓[▓
▓.▓
▓@▓
▓O▓
▓O▓
▓K▓
▓V▓
▓l▓
▓.▓
▓.▓


You could see 2 two-headed ogres, a vampire, a wyvern (corroded) and a kobold
brigand (corroded).

Vanquished Creatures
  A water moccasin (D)
  A howler monkey (D)
  A hound (D)
  An adder (D)
  A shadow imp (D)
  A worm (D)
  A bat (D)
  An endoplasm (D)
  A hobgoblin (D)
  A quokka (D)
  A rat (D)
11 creatures vanquished.

Notes
Turn   | Place    | Note
-------+----------+-------------------------------------------
     0 | D        | fozzywoppz the Minotaur Fighter began the quest for the
                  | Orb.
     0 | D        | Reached XP level 1. HP: 19/19 MP: 0/0
    20 | D        | Noticed a water moccasin
    20 | D        | Noticed a hound
    40 | D        | Killed a water moccasin
    41 | D        | Reached skill level 5 in Shields
    41 | D        | Reached XP level 2. HP: 16/34 MP: 1/1
    41 | D        | Reached XP level 3. HP: 18/39 MP: 2/2
    41 | D        | Reached XP level 4. HP: 22/47 MP: 3/3
    52 | D        | Reached XP level 5. HP: 24/53 MP: 4/4
   167 | D        | Found a snail-covered altar of Cheibriados.
   167 | D        | Found a shadowy altar of Dithmenos.
   167 | D        | Found a white marble altar of Elyvilon.
   167 | D        | Found a blossoming altar of Fedhas.
   167 | D        | Found an opulent altar of Gozag.
   168 | D        | Found a hazy altar of Hepliaklqana.
   169 | D        | Found a viscous altar of Jiyva.
   170 | D        | Found an ancient bone altar of Kikubaaqudgha.
   171 | D        | Found a corrupted altar of Lugonu.
   172 | D        | Found a burning altar of Makhleb.
   173 | D        | Found a sparkling altar of Nemelex Xobeh.
   174 | D        | Found an iron altar of Okawaru.
   175 | D        | Found a stormy altar of Qazlal.
   176 | D        | Found a sacrificial altar of Ru.
   177 | D        | Found a shimmering blue altar of Sif Muna.
   178 | D        | Found a bloodstained altar of Trog.
   179 | D        | Found a hide-covered altar of Uskayaw.
   180 | D        | Found a radiant altar of Vehumet.
   181 | D        | Found an ornate altar of the Wu Jian Council.
   182 | D        | Became a worshipper of Warmaster Okawaru
   183 | D        | Found a shimmering altar of Xom.
   184 | D        | Found a basalt altar of Yredelemnul.
   185 | D        | Found a glowing silver altar of Zin.
   186 | D        | Found a glowing golden altar of the Shining One.
   239 | D        | Noticed a two-headed ogre
   239 | D        | Noticed a vampire
   239 | D        | Noticed a two-headed ogre
   239 | D        | Noticed a wyvern
   242 | D        | Reached skill level 1 in Dodging
   242 | D        | Reached skill level 1 in Invocations
   249 | D        | Slain by a two-headed ogre

Illustrated notes

Levels and vault maps discovered:
D:        linesprint [early_d, line_temple, items_1, d_10, items_2, lair_1,
          lair_end, items_3, orc_1, orc_end, items_4, d_15, swamp_1, shoals_1,
          snake_1, spider_1, d_20, vaults_1, items_5, swamp_end, shoals_end,
          snake_end, spider_end, vaults_end, d_27, items_6, zot_1, zot_end,
          crypt_end, forest_end, elf_end, slime_end, tomb_end, abyss_end,
          pan_hell_end]

Skill      XL: |  1  2  3  4  5 |
---------------+----------------+-----
Fighting       | 7 8 |  8.3
Maces & Flails | 6 7 |  7.7
Armour         | 7 8 |  8.3
Shields        | 5 |  5.0
Dodging        | 1 |  1.7
Invocations    | 1 |  1.5

Action                     |  1- 3 |  4- 6 || total
---------------------------+-------+-------++-------
  Melee: Flail             |    20 |    16 ||    36
         Headbutt          |     3 |     1 ||     4
  Evoke: Wand              |       |     5 ||     5
    Use: Potion            |     1 |     2 ||     3
 Armour: Scale mail        |    13 |     9 ||    22
         Chain mail        |       |     7 ||     7
  Dodge: Dodged            |     9 |     5 ||    14
  Block: Buckler           |     4 |     4 ||     8

Table legend: (Time is in decaauts)
 A = Elapsed time spent in this place.
 B = Non-inter-level travel time spent in this place.
 C = Inter-level travel time spent in this place.
 D = Time resting spent in this place.
 E = Time spent auto-exploring this place.
 F = Levels seen in this place.
 G = Mean time per level.
                   A        B        C        D        E       F      G
               +--------+--------+--------+--------+--------+-----+--------+
         Total |    254 |    254 |      0 |    107 |      0 |   1 |  254.0 |
       Dungeon |    254 |    254 |      0 |    107 |      0 |   1 |  254.0 |
               +--------+--------+--------+--------+--------+-----+--------+

Top non-repeatable levels by time:
       D: 254 daAuts
